 Dungeon Crawl Stone Soup version 0.29.1-2-gbd0b4ee654 (webtiles) character file.

Game seed: 5850030880462922997

196 Icepheonix32 the Reanimator (level 5, -3/28 HPs)
             Began as a Deep Elf Necromancer on Oct 31, 2022.
             Slain by a black bear (8 damage)
             ... on level 4 of the Dungeon.
             The game lasted 00:04:18 (3153 turns).

Icepheonix32 the Reanimator (Deep Elf Necromancer)  Turns: 3153, Time: 00:04:19

Health: -3/28      AC:  5    Str:  6 (7)  XL:     5   Next: 45%
Magic:  7/11       EV: 12    Int: 18 (20) God:
Gold:   156        SH:  0    Dex: 15      Spells: 9/10 levels left

rFire   . . .      SeeInvis .   c - +2 dagger (elec)
rCold   . . .      Faith    .   (no shield)
rNeg    . . .      Spirit   .   a - +0 robe
rPois   .          Reflect  .   (no helmet)
rElec   .          Harm     .   d - +0 cloak
rCorr   .          Rampage  .   y - +0 pair of gloves
Will    .....                   l - +0 pair of boots
Stlth   ++........              m - amulet of magic regeneration
HPRegen 0.09/turn               (no ring)
MPRegen 0.52/turn               (no ring)

@: no status effects
A: no striking features
a: no special abilities


You were on level 4 of the Dungeon.
You visited 1 branch of the dungeon, and saw 4 of its levels.

You collected 156 gold pieces.

Inventory:

Hand Weapons
 c - a +2 dagger of electrocution (weapon)
 q - a +0 short sword
Missiles
 r - a throwing net
 w - 4 silver boomerangs
Armour
 a - a +0 robe (worn)
 d - a +0 cloak (worn)
 i - a +2 plate armour of cold resistance
 l - a +0 pair of boots (worn)
 y - a +0 pair of gloves (worn)
Jewellery
 m - an amulet of magic regeneration (around neck)
Wands
 x - a wand of charming (3)
Scrolls
 e - a scroll of torment {unknown}
 f - a scroll of magic mapping {unknown}
 h - a scroll of enchant armour {unknown}
 j - a scroll of identify {unknown}
 k - 2 scrolls of acquirement {unknown}
 p - 3 scrolls of teleportation {unknown}
 s - a scroll of immolation {unknown}
 v - a scroll of amnesia {unknown}
Potions
 b - 3 potions of magic
 g - a potion of brilliance {unknown}
 n - a potion of might {unknown}
 o - a potion of attraction {unknown}
 t - 2 potions of berserk rage {unknown}
 u - a potion of lignification {unknown}


   Skills:
 - Level 2.4 Dodging
 - Level 2.4 Stealth
 - Level 3.0 Spellcasting
 + Level 8.2 Necromancy


You had 9 spell levels left.
You knew the following spells:

 Your Spells              Type           Power      Damage    Failure   Level
a - Necrotise             Necr           100%       1d9       1%          1

Your spell library contained the following spells:

 Spells                   Type           Power      Damage    Failure   Level
 Vampiric Draining        Necr           32%        2d8       1%          3
 Animate Dead             Necr           32%        N/A       5%          4
 Agony                    Necr           32%        N/A       16%         5


Dungeon Overview and Level Annotations

Branches:
Dungeon (4/15)
 Temple: D:4-7

Altars:
Dithmenos
Yredelemnul

Shops:
D:2 (


Message History

Found a long sword.
Found 4 poisoned darts.
p - 2 scrolls labelled MIEQIT SUUGUALL (gained 1)
Found a dagger.
No target in view!
No target in view!
You can't see any susceptible monsters within range! (Use Z to cast anyway.)
Found a stone staircase leading down.
p - 3 scrolls labelled MIEQIT SUUGUALL (gained 1)
Found a rapier.
You see here a +0 dagger.
k - 2 scrolls labelled EDGHEM JOMMU (gained 1)
Found a stone staircase leading down.
b - 3 potions of magic (gained 1)
A black bear comes into view.
A black bear is nearby!
The black bear writhes in agony.
The black bear writhes in agony!
The black bear writhes in agony.
The black bear bites you. The black bear closely misses you. x2
The black bear writhes in agony.
The black bear goes berserk!
The black bear writhes in agony.
The black bear completely misses you. The black bear closely misses you.
The black bear claws you.
The black bear writhes in agony.
The black bear barely misses you.
The black bear claws you. x2; The black bear barely misses you.
The black bear closely misses you. The black bear barely misses you.
The black bear writhes in agony.
The black bear bites you. The black bear claws you.
* * * LOW HITPOINT WARNING * * *
The black bear claws you but does no damage.
You are too injured to fight recklessly!
You are too injured to fight recklessly!
Unknown command.
Casting: Necrotise (safe; 1% risk of failure)
Confirm with . or Enter, or press ? or * to list all spells.
Aiming: Necrotise (safe; 1% risk of failure)
Press: ? - help, Shift-Dir - straight line, f/p - black bear
Aim: a black bear (almost dead, berserk, chance to affect: 83%)
The black bear writhes in agony.
The black bear bites you!
You die...

#############
##.....#.....##
##.............##
#...............#
#.?.............#
#...............#
#...@...........#
#...h...........#
#...............#
#
##.........>...##
##
#....).#.....##
##.
#...#..##....#
#..
#...#.###....#
#.. #.#...#
#....## #..
#.###.# #.....#
#..


You could see a black bear (berserk).

Vanquished Creatures
  7 gnolls
  3 adders
  3 worms
  2 dart slugs
  9 orcs
  7 endoplasms
  3 giant cockroaches
  5 goblins
  4 hobgoblins
  3 jackals (D:2)
  9 kobolds
  2 quokkas
  6 ball pythons
  7 bats
  A frilled lizard (D:2)
  7 rats
78 creatures vanquished.

Vanquished Creatures (collateral kills)
  An endoplasm (D:1)
  A kobold (D:3)
2 creatures vanquished.

Grand Total: 80 creatures vanquished

Notes
Turn   | Place    | Note
-------+----------+-------------------------------------------
     0 | D:1      | Icepheonix32 the Deep Elf Necromancer began the quest for
                  | the Orb.
     0 | D:1      | Reached XP level 1. HP: 10/10 MP: 6/6
    32 | D:1      | Reached skill level 5 in Necromancy
   153 | D:1      | Reached XP level 2. HP: 15/15 MP: 5/8
   499 | D:1      | Found a faded altar of an unknown god.
  1005 | D:2      | Reached skill level 6 in Necromancy
  1045 | D:2      | Reached XP level 3. HP: 15/19 MP: 6/9
  1260 | D:2      | Found Beebu's Weapon Boutique.
  1597 | D:2      | Reached XP level 4. HP: 24/24 MP: 8/10
  1970 | D:3      | Reached skill level 7 in Necromancy
  1979 | D:3      | HP: 1/24 [gnoll/+0 flail (10)]
  2161 | D:3      | Reached XP level 5. HP: 28/28 MP: 8/11
  2549 | D:3      | Found a basalt altar of Yredelemnul.
  2549 | D:3      | Found a shadowy altar of Dithmenos.
  2897 | D:4      | Reached skill level 8 in Necromancy
  3143 | D:4      | Noticed a black bear
  3153 | D:4      | Slain by a black bear

Illustrated notes

Levels and vault maps discovered:
D:1:      lightli_arrival_maybe_door_vault, layout_basic,
          dilly_ecumenical_altar_fadedgnrine, minivault_24
D:2:      layout_loops_ring, serial_shops, nicolae_shop_advertising_works
          [nicolae_subvault_shop_adworks], minivault_27, minmay_box_of_dots
D:3:      layout_basic, gammafunk_temple_overflow_wave, minmay_splitting_lines
D:4:      layout_rooms, minivault_25, uniq_sigmund

Skill      XL: |  1  2  3  4  5 |
---------------+----------------+-----
Necromancy     | 5 6 7 8 |  8.2
Dodging        | |  2.4
Stealth        | |  2.4
Spellcasting   | |  3.0

Action                   |  1- 3 |  4- 6 || total
-------------------------+-------+-------++-------
Melee: Unarmed           |     2 |       ||     2
       Punch             |     1 |       ||     1
       Short sword       |       |     4 ||     4
       Dagger            |       |     3 ||     3
 Cast: Necrotise         |    70 |    86 ||   156
  Use: Potion            |     2 |     2 ||     4
 Stab: Sleeping          |       |     1 ||     1
Armor: Robe              |    11 |     6 ||    17
Dodge: Dodged            |    18 |    19 ||    37
